 Dungeon Crawl Stone Soup version 0.26-a0-540-g8a0c9464d7 (webtiles) character file.

Game seed: 1394075611473487332

357 raph the Insei (level 6, -11/47 HPs)
             Began as a Draconian Transmuter on Aug 25, 2020.
             Killed by nerve-wracking pain
             ... invoked by an orc priest
              (13 damage)
             ... on level 4 of the Dungeon.
             The game lasted 00:11:02 (5202 turns).

raph the Insei (Draconian Transmuter)               Turns: 5202, Time: 00:11:03

Health: -11/47     AC: 10    Str: 12    XL:     6   Next: 36%
Magic:  0/9        EV: 12    Int: 15    God:
Gold:   230        SH:  0    Dex: 12    Spells: 4/10 levels left

rFire    . . .     SeeInvis .     - Unarmed
rCold    . . .     Faith    .   (no shield)
rNeg     . . .     Spirit   +   (armour unavailable)
rPois    .         Reflect  .   (helmet restricted)
rElec    .         Harm     .   o - +1 cloak
rCorr    .                      p - +0 pair of gloves
MR       .....                  e - +0 pair of boots
Stlth    ++........             k - amulet of guardian spirit
HPRegen  0.15/turn              (no ring)
MPRegen  0.11/turn              (no ring)

@: mighty, wereblooded (expiring), stab
A: unfitting armour, cold-blooded, AC +6
a: no special abilities


You were on level 4 of the Dungeon.
You visited 1 branch of the dungeon, and saw 4 of its levels.
You also visited: Sewer.

You collected 230 gold pieces.

Inventory:

Hand Weapons
 r - the +9 mace "Ussiepem" {protect, rC- rN+ MR+}
   (You found it on level 4 of the Dungeon)

   It grants its wielder temporary protection when it strikes (+7 to AC).
   It makes you vulnerable to cold.
   It protects you from negative energy.
   It affects your resistance to hostile enchantments.
Missiles
 a - 17 poisoned darts (quivered)
 i - 3 javelins
Armour
 e - a +0 pair of boots (worn)
 o - a +1 cloak (worn)
 p - a +0 pair of gloves (worn)
Jewellery
 k - an amulet of guardian spirit (around neck)
Scrolls
 b - 4 scrolls of teleportation
 d - 2 scrolls of remove curse
 f - 4 scrolls of identify
 j - a scroll of blinking
 s - a scroll of immolation {unknown}
Potions
 c - 2 potions of curing
 g - 2 potions of mutation
 n - a potion of heal wounds {unknown}
 q - 2 potions of haste {unknown}


   Skills:
 + Level 1.4 Fighting
 - Level 1.7 Dodging
 + Level 1.1 Stealth
 + Level 5.0 Unarmed Combat
 + Level 2.5 Spellcasting
 * Level 4.4 Transmutations
 * Level 1.4 Poison Magic


You had 4 spell levels left.
You knew the following spells:

 Your Spells              Type           Power        Failure   Level
a - Beastly Appendage     Tmut           ###...       3%          1
b - Wereblood             Tmut           ###.....     4%          2
c - Spider Form           Tmut/Pois      ##........   19%         3

Your spell library contained the following spells:

 Spells                   Type           Power        Failure   Level
 Ice Form                 Ice/Tmut       #.......     63%         4
 Blade Hands              Tmut           ###.......   67%         5


Dungeon Overview and Level Annotations

Branches:
Dungeon (4/15)              Sewer (visited)
 Temple: D:4-7

Altars:
Makhleb

Shops:
D:4 :


Innate Abilities, Weirdness & Mutations

Your plain brown scales are hard. (AC +6)
You cannot fit into any form of body armour.
You are cold-blooded and may be slowed by cold attacks.


Message History

You miss something. Your kick misses something. You headbutt something.
Reactivating autopickup.
Your Unarmed Combat skill increases to level 5!
You feel a bit more experienced.
You barely miss the orc priest. Your kick misses the orc priest.
The orc priest completely misses you.
You punch the orc priest! Your headbutt misses the orc priest.
The orc priest is severely wounded.
Your primal bloodlust is almost over.
The orc priest calls down the wrath of Beogh upon you.
Pain shoots through your body!
* * * LOW HITPOINT WARNING * * *
It was a potion of stabbing.
You feel ready to backstab.
You howl as the wereblood boils in your veins!
Your horns disappear.
Your talons disappear.
Your +0 pair of boots unmelds from your body.
The orc priest calls down the wrath of Beogh upon you.
Pain shoots through your body!
You die...

# #####.#
### ......#
.o# #######
#o#
###########
#o#
#........#
#o#
#.######.#
#@# #.# #.#
#)# #.# #.#
#)# #.#
#.######.#
#.#
#........#
#.#
##########
##.# ...#
####


You could see an orc priest and 3 orcs.

Vanquished Creatures
  A centaur skeleton (D:4)
  An orc priest (D:4)
  A hound (D:4)
  An orc wizard (D:4)
  2 iguanas (D:4)
  A hound skeleton (D:4)
  A gnoll (D:4)
  4 adders
  An ooze (D:1)
  An adder skeleton (D:4)
  2 worms (D:3)
  3 dart slugs
  3 leopard geckos
  6 orcs (D:4)
  4 giant cockroaches
  6 goblins
  8 hobgoblins
  20 jackals
  12 kobolds
  5 ball pythons
  7 bats
  5 frilled lizards
  2 leopard gecko skeletons (D:4)
  7 rats
104 creatures vanquished.

Notes
Turn   | Place    | Note
-------+----------+-------------------------------------------
     0 | D:1      | raph the Draconian Transmuter began the quest for the Orb.
     0 | D:1      | Reached XP level 1. HP: 16/16 MP: 3/3
   259 | D:1      | Reached XP level 2. HP: 20/23 MP: 3/5
   318 | D:1      | Learned a level 2 spell: Wereblood
   546 | D:1      | Reached XP level 3. HP: 12/28 MP: 4/6
  1320 | D:2      | Learned a level 3 spell: Spider Form
  1629 | D:2      | Reached XP level 4. HP: 35/35 MP: 5/7
  2256 | D:3      | Reached skill level 4 in Unarmed Combat
  2464 | D:3      | Found a glowing drain.
  2584 | Sewer    | Entered a sewer
  3795 | D:3      | Found a burning altar of Makhleb.
  3951 | D:4      | Reached skill level 1 in Poison Magic
  3951 | D:4      | Reached XP level 5. HP: 24/40 MP: 5/8
  4146 | D:4      | Reached skill level 1 in Stealth
  4369 | D:4      | Got a polished mace
  4370 | D:4      | Identified the +9 mace "Ussiepem" {protect, rC- rN+ MR+}
                  | (You found it on level 4 of the Dungeon)
  4848 | D:4      | Reached XP level 6. HP: 41/47 MP: 6/9
  5127 | D:4      | Found Suzetih's Book Emporium.
  5197 | D:4      | HP: 2/47 [something/puff of frost (1)]
  5199 | D:4      | Reached skill level 5 in Unarmed Combat
  5202 | D:4      | Killed from afar by an orc priest

Illustrated notes

Levels and vault maps discovered:
D:1:      dpeg_arrival_short_road, layout_loops_ring
D:2:      wad_pebble_path, layout_basic
D:3:      layout_rooms, demons_altar, cheibrodos_sewer_entry_drain
D:4:      minmay_spotlight, layout_loops_ring, serial_shops, shop

Skill      XL: |  1  2  3  4  5  6 |
---------------+-------------------+-----
Transmutations | 3 4 |  4.4
Unarmed Combat | 4 5 |  5.0
Poison Magic   | 1 |  1.4
Stealth        | 1 |  1.1
Fighting       | |  1.4
Dodging        | |  1.7
Spellcasting   | |  2.5

Action                   |  1- 3 |  4- 6 || total
-------------------------+-------+-------++-------
Melee: Unarmed           |   126 |   195 ||   321
       Kick              |    11 |    39 ||    50
       Tailslap          |    11 |    11 ||    22
       Punch             |     1 |     5 ||     6
       Headbutt          |     4 |    16 ||    20
       Mace              |       |     8 ||     8
Throw: Dart              |       |     1 ||     1
 Cast: Beastly Appendage |    15 |    28 ||    43
       Wereblood         |     5 |     5 ||    10
  Use: Scroll            |       |    11 ||    11
       Potion            |       |     4 ||     4
 Stab: Sleeping          |       |     1 ||     1
Armor: Skin              |    46 |    67 ||   113
Dodge: Dodged            |   105 |   113 ||   218

Table legend: (Time is in decaauts)
 A = Elapsed time spent in this place.
 B = Non-inter-level travel time spent in this place.
 C = Inter-level travel time spent in this place.
 D = Time resting spent in this place.
 E = Time spent auto-exploring this place.
 F = Levels seen in this place.
 G = Mean time per level.
                   A        B        C        D        E       F      G
               +--------+--------+--------+--------+--------+-----+--------+
         Total |   5341 |   5264 |     77 |   1298 |   2991 |   5 | 1068.2 |
       Dungeon |   4093 |   4016 |     77 |    980 |   2289 |   4 | 1023.2 |
         Sewer |   1247 |   1247 |      0 |    318 |    702 |   1 | 1247.0 |
               +--------+--------+--------+--------+--------+-----+--------+

Top non-repeatable levels by time:
     D:1: 1301 daAuts
     D:4: 1266 daAuts
   Sewer: 1247 daAuts
     D:2: 913 daAuts
     D:3: 612 daAuts
